 Dungeon Sprint DCSS version bcrawl-1.19.1 (webtiles) character file.

Game seed: 9530582068893147078

91 Freyura the Slasher (level 4, -1/28 HPs)
             Began as a Skeleton Gladiator on Nov 29, 2019.
             Was an Initiate of Ru.
             Slain by a toenail golem (7 damage)
             ... in the Dungeon (Sprint V: "Ziggurat Sprint").
             The game lasted 00:03:10 (89 turns).

Freyura the Slasher (Skeleton Gladiator)              Turns: 89, Time: 00:03:11

Health: -1/28      AC: 26    Str: 20    XL:     4   Next: 33%
Magic:  0/4        EV: 10    Int:  7    God:    Ru [......]
Gold:   0          SH:  3    Dex: 23    Spells: 3/3 levels left

rFire    . . .     SeeInvis .   s - +11 plutonium sword {*Contam Stlth-}
rCold    + . .     Gourm    .   (shield currently unavailable)
rNeg     + + +     Faith    .   D - +15 Maxwell's patent armour {-Cast -Tele rElec MR+ rCorr}
rPois    ∞         Spirit   +   c - +0 helmet
rElec    +         Reflect  .   (no cloak)
rCorr    +         Harm     .   (no gloves)
MR       +....     NoTele   +   (no boots) Stlth ..........NoCast +
                                (no amulet)
HPRegen  0.09/turn              k - +6 ring of dexterity
MPRegen  0.09/turn              l - +6 ring of dexterity

@: no status effects
A: no food or potions, cold resistance 1, deterioration 1, negative energy
resistance 3, torment resistance, unbreathing, magic shield, sturdy frame 1,
spell healing
a: Renounce Religion


You were in the Dungeon.
You worshipped Ru.
Ru was noncommittal.
You were not hungry.

You visited 1 branch

Inventory:

Hand Weapons
 s - the +11 plutonium sword (weapon) {*Contam Stlth-}
   (You found it in the Dungeon)

   It causes magical contamination when unequipped.
   It makes you less stealthy.
 u - the +9 sword of Zonguldrok {reap}
   (You found it in the Dungeon)

   If a monster killed with it leaves a corpse in good enough shape, the corpse
   will be animated as a zombie friendly to the killer.
 w - the +0 sword of Power
   (You found it in the Dungeon)
 y - the +7 Singing Sword {slice}
   (You found it in the Dungeon)

   It inflicts extra damage upon your enemies.
Missiles
 d - 3 throwing nets (quivered) {!f}
Armour
 c - a +0 helmet (worn)
 D - the +15 Maxwell's patent armour (worn) {-Cast -Tele rElec MR+ rCorr}
   (You found it in the Dungeon)

   It insulates you from electricity.
   It affects your resistance to hostile enchantments.
   It prevents spellcasting.
   It prevents most forms of teleportation.
   It provides partial protection from all sources of acid and corrosion.
 E - the +18 shield of the Gong {rElec rN+ MR+ EV-5}
   (You found it in the Dungeon)

   It affects your evasion (-5).
   It insulates you from electricity.
   It protects you from negative energy.
   It affects your resistance to hostile enchantments.
Jewellery
 k - a +6 ring of dexterity (left hand)
 l - a +6 ring of dexterity (right hand)
Scrolls
 e - 4 scrolls of blinking
 f - 4 scrolls of amnesia
 g - 7 scrolls of fog
 h - 5 scrolls of identify
 i - 5 scrolls of remove curse
 j - 2 scrolls of fear


   Skills:
 + Level 3.3 Fighting
 + Level 7.7 Long Blades
 + Level 3.0 Throwing
 + Level 5.9 Dodging


You had 3 spell levels left.
You didn't know any spells.
Your spell library was empty.

Dungeon Overview and Level Annotations

Branches:
Dungeon (1/1)

Altars:
Ashenzari
Cheibriados
Dithmenos
Elyvilon
Fedhas
Gozag
Hepliaklqana
Kikubaaqudgha
Lugonu
Makhleb
Nemelex Xobeh
Okawaru
Qazlal
Ru
Sif Muna
Trog
Uskayaw
Vehumet
Wu Jian
Xom
Yredelemnul
Zin
The Shining One
Beogh
Jiyva

Annotations:
D 1 transporter


Innate Abilities, Weirdness & Mutations

You do not eat or drink.
You are immune to poison.
Your flesh is cold resistant. (rC+)
Your body sometimes deteriorates upon taking damage.
You are immune to negative energy. (rN+++)
You are immune to unholy pain and torment.
You can survive without breathing.
When hurt, damage is shared between your health and your magic reserves.
Your movements are slightly less encumbered by armour. (ER -2)
Casting spells heals you.


Message History

Welcome to arena 2.
You enter the transporter and appear at another place. 3 toenail golems come into view.
Found a box of beasts, a book of Summonings and an uncursed staff of death.
Found a transporter.
You slash the toenail golem!
The toenail golem is lightly damaged.
The toenail golem hits you! The toenail golem hits you.
You are too injured to fight recklessly!
You are too injured to fight recklessly!
You are too injured to fight recklessly!
You are too injured to fight recklessly!
You are too injured to fight recklessly!
You slice the toenail golem!!
The toenail golem is heavily damaged.
The toenail golem hits you! The toenail golem barely misses you.
The toenail golem closely misses you. The toenail golem hits you.
* * * LOW HITPOINT WARNING * * *
The toenail golem hits you!
You die...

▓▓▓▓▓▓▓▓▓▓▓▓▓
▓.8©8.▓.8©8.▓
▓.|}:.▓.....▓
▓.....▓.).}.▓
▓.....▓.....▓
▓.888.▓..†..▓
▓..@..▓..©..▓
▓..©..▓▓▓▓▓▓▓
▓▓▓▓▓▓▓


You could see 3 toenail golems.

Vanquished Creatures
  A necrophage (D)
  A bat zombie (D)
2 creatures vanquished.

Notes
Turn   | Place    | Note
-------+----------+-------------------------------------------
     0 | D        | Freyura the Skeleton Gladiator began the quest for the Orb.
     0 | D        | Reached XP level 1. HP: 12/12 MP: 1/1
     0 | D        | Found a shimmering blue altar of Sif Muna.
     0 | D        | Found a bloodstained altar of Trog.
     0 | D        | Found a sacrificial altar of Ru.
     0 | D        | Found a stormy altar of Qazlal.
     0 | D        | Found an iron altar of Okawaru.
     2 | D        | Found a sparkling altar of Nemelex Xobeh.
     3 | D        | Found the +6 Majin-Bo {vamp, *Drain Str+12 Int+24}
     3 | D        | Found the +7 great mace "Firestarter" {inner flame, rF++}
     3 | D        | Found an ancient bone altar of Kikubaaqudgha.
     3 | D        | Found a transporter.
     3 | D        | Found a corrupted altar of Lugonu.
     3 | D        | Found a viscous altar of Jiyva.
     3 | D        | Found a burning altar of Makhleb.
     3 | D        | Found a hazy altar of Hepliaklqana.
     3 | D        | Found an opulent altar of Gozag.
     4 | D        | Found a blossoming altar of Fedhas.
    19 | D        | Found the +6 shillelagh "Devastator" {shatter}
    19 | D        | Found the +11 plutonium sword {*Contam Stlth-}
    19 | D        | Found the +8 lance "Wyrmbane" {slay drac, rPois rF+ rC+
                  | AC+3}
    19 | D        | Found the +9 sword of Zonguldrok {reap}
    19 | D        | Found the cursed +13 scythe of Curses {drain, *Curse}
    19 | D        | Found the +0 sword of Power
    19 | D        | Found the +7 mace of Variability {chain chaos}
    19 | D        | Found the +7 Singing Sword {slice}
    19 | D        | Found the +7 longbow "Piercer" {penet, EV-2}
    21 | D        | Found the +9 heavy crossbow "Sniper" {velocity, Acc+∞ SInv}
    21 | D        | Found the +10 dark maul {crush}
    21 | D        | Found the +15 Maxwell's patent armour {-Cast -Tele rElec
                  | MR+ rCorr}
    21 | D        | Found the +18 shield of the Gong {rElec rN+ MR+ EV-5}
    21 | D        | Found the cursed +14 obsidian axe {chop, +Fly SInv *Curse}
    61 | D        | Became a worshipper of Ru the Awakened
    76 | D        | Entered arena 2.
    76 | D        | Noticed a necrophage
    76 | D        | Found a transporter.
    77 | D        | Reached skill level 4 in Long Blades
    80 | D        | Killed a necrophage
    80 | D        | Reached skill level 7 in Long Blades
    80 | D        | Reached skill level 5 in Dodging
    80 | D        | Reached XP level 2. HP: 19/19 MP: 2/2
    80 | D        | Reached XP level 3. HP: 23/23 MP: 3/3
    80 | D        | Reached XP level 4. HP: 28/28 MP: 4/4
    86 | D        | Entered arena 3.
    86 | D        | Noticed a toenail golem
    86 | D        | Noticed a toenail golem
    86 | D        | Noticed a toenail golem
    86 | D        | Found a transporter.
    89 | D        | Slain by a toenail golem

Skill      XL: |  1 |
---------------+----+-----
Long Blades    | 7 |  7.7
Fighting       | 3 |  3.3
Throwing       | 3 |  3.0
Dodging        | 5 |  5.9

Action                   |  1- 3 |  4- 6 || total
-------------------------+-------+-------++-------
Melee: Triple sword      |     4 |     2 ||     6
Armor: Plate armour      |     2 |       ||     2
Dodge: Dodged            |     3 |     2 ||     5
